 Dungeon Crawl Stone Soup version 0.27-a0-1277-g3808f8b1c9 (webtiles) character file.

Game seed: 13684388959777246228

14212 Johnny the Thaumaturge (level 11, -8/73 HPs)
             Began as a Deep Elf Earth Elementalist on June 12, 2021.
             Was a Priest of Dithmenos.
             Mangled by a four-headed hydra (13 damage)
             ... on level 13 of the Dungeon.
             The game lasted 00:12:48 (14647 turns).

Johnny the Thaumaturge (DEEE)                      Turns: 14647, Time: 00:12:49

Health: -8/73      AC:  7    Str:  5    XL:     11   Next: 85%
Magic:  9/38       EV: 11    Int: 24    God:    Dithmenos [***...]
Gold:   602        SH:  5    Dex: 15    Spells: 21/34 levels left

rFire    + . .     SeeInvis .   x - staff of earth
rCold    . . .     Faith    .   w - +0 buckler
rNeg     . . .     Spirit   .   M - +0 troll leather armour
rPois    .         Reflect  .   V - +0 helmet
rElec    .         Harm     .   (no cloak)
rCorr    .         Rampage  .   v - +0 pair of gloves
Will     +....                  I - +0 pair of boots
Stlth    ++........             (no amulet)
HPRegen  0.22/turn              d - ring of protection from fire
MPRegen  0.26/turn              N - ring of magical power

@: wreathed by umbra
A: no striking features
a: Renounce Religion, Shadow Step


You were on level 13 of the Dungeon.
You worshipped Dithmenos.
Dithmenos was most pleased with you.
You visited 2 branches of the dungeon, and saw 14 of its levels.
You also visited: Sewer.

You collected 634 gold pieces.
You spent 32 gold pieces at shops.

Inventory:

Hand Weapons
 j - a +1 dagger of electrocution
Missiles
 b - 347 stones
 D - 12 boomerangs of dispersal
 U - 3 atropa-tipped darts
 W - 6 curare-tipped darts
Armour
 c - a +0 robe
 i - a +0 tower shield
 v - a +0 pair of gloves (worn)
 w - a +0 buckler (worn)
 I - a +0 pair of boots (worn)
 M - a +0 troll leather armour (worn)
 V - a +0 helmet (worn)
Magical Staves
 x - a staff of earth (weapon)
 E - a staff of cold
 J - a staff of death
Jewellery
 d - a ring of protection from fire (left hand)
 u - a +6 ring of strength
 F - a ring of ice
 N - a ring of magical power (right hand)
 O - an amulet of faith
Wands
 e - a wand of flame (55)
 r - a wand of polymorph (4)
 R - a wand of charming (5)
 S - a wand of acid (6)
Scrolls
 a - 2 scrolls of noise
 k - 2 scrolls of enchant weapon
 m - 4 scrolls of teleportation
 n - 6 scrolls of amnesia
 o - 2 scrolls of brand weapon
 p - a scroll of silence
 t - 2 scrolls of fog
 y - a scroll of immolation
 B - a scroll of vulnerability
 C - a scroll of enchant armour
 H - 3 scrolls of fear
Potions
 f - 10 potions of curing
 g - 4 potions of heal wounds
 h - 2 potions of flight
 l - a potion of magic
 q - a potion of berserk rage
 s - 11 potions of degeneration
 z - 2 potions of haste {unknown}
 A - 2 potions of resistance {unknown}
 G - a potion of attraction {unknown}
 K - a potion of cancellation {unknown}
 L - 2 potions of lignification {unknown}
 P - a potion of brilliance {unknown}
 Q - a potion of might
 T - a potion of mutation {unknown}


   Skills:
 * Level 10.7 Fighting
 - Level 2.4 Dodging
 - Level 2.4 Stealth
 + Level 5.4 Shields
 + Level 12.0 Spellcasting
 - Level 1.1 Transmutations
 + Level 10.5 Earth Magic


You had 21 spell levels left.
You knew the following spells:

 Your Spells              Type           Power      Damage    Failure   Level
a - Sandblast             Erth           100%       2d20      1%          1
b - Stone Arrow           Conj/Erth      100%       3d13      2%          3
c - Lee's Rapid Deconstr  Erth           38%        3d20*     2%          5
d - Petrify               Tmut/Erth      59%        N/A       7%          4

Your spell library contained the following spells:

 Spells                   Type           Power      Damage    Failure   Level
 Passwall                 Tmut/Erth      49%        N/A       1%          2
 Corona                   Hex            15%        N/A       7%          1
 Ensorcelled Hibernation  Hex/Ice        28%        N/A       11%         2
 Confusing Touch          Hex            14%        N/A       22%         3
 Dazzling Flash           Conj/Hex       28%        N/A       22%         3
 Tukima's Dance           Hex            14%        N/A       22%         3


Dungeon Overview and Level Annotations

Branches:
Dungeon (13/15)            Temple (1/1) D:6            Lair (0/6) D:10
    Orc (0/2) D:9           Sewer (visited)
 Vaults: D:13-14

Altars:
Ashenzari
Dithmenos
Elyvilon
Fedhas
Gozag
Kikubaaqudgha
Qazlal
Ru
Yredelemnul
Zin

Shops:
D:4 (   D:12 [

Portals:
Trove: D:11 (give 14 scrolls of teleportation)

Annotations:
D:4 3 runed translucent doors, DeathSun's ghost, amateur GrFi


Message History

You blow up Urug!
Dithmenos accepts your kill.
The blast of petrified fragments hits the four-headed hydra!!
The four-headed hydra is moderately wounded.
You are covered in liquid flames!
You are no longer on fire.
The deep elf pyromancer hits you with a +0 long sword of holy wrath.
The deep elf pyromancer gestures wildly while chanting.
The deep elf pyromancer blinks!
Casting: Lee's Rapid Deconstruction (dangerous; 2% risk of failure)
Confirm with . or Enter, or press ? or * to list all spells.
Aiming: Lee's Rapid Deconstruction (dangerous; 2% risk of failure)
Press: ? - help, Dir - move target A rock wall.
This square is wreathed by an umbra.
You feel a surge of power!
The wall shatters!
The blast of rock fragments hits the four-headed hydra!!
The four-headed hydra is severely wounded.
The blast of rock fragments hits the centaur!!!
You kill the centaur!
Dithmenos accepts your kill. The four-headed hydra bites you!
The four-headed hydra completely misses you. x2
The four-headed hydra bites you.
* * * LOW HITPOINT WARNING * * *
Your Spellcasting skill increases to level 12!
Unknown command.
Casting: Lee's Rapid Deconstruction (dangerous; 2% risk of failure)
Confirm with . or Enter, or press ? or * to list all spells.
Aiming: Stone Arrow (mildly dangerous; 2% risk of failure)
Press: ? - help, Shift-Dir - straight line You feel a surge of power!
The stone arrow hits the four-headed hydra!
The four-headed hydra is almost dead.
The deep elf pyromancer gestures wildly while chanting.
The four-headed hydra barely misses you.
The four-headed hydra bites you!
* * * LOW HITPOINT WARNING * * *
The four-headed hydra bites you!
You die...

############
#..........#
#.########..
#.# ### #.# #.#
#########.#
#......E#.#
#@D.#.#.#
.......###e)#.#
.....#.
#..E.### ....
.. #......# ...
.##...#)###.#
#. .# ##.##.#
... # ##
##.##.# .##
#...ยง#......#
#..##.###...#


You could see a four-headed hydra, a deep elf pyromancer and 2 fire elementals.

Vanquished Creatures
  A boulder beetle (D:11)
  A hydra (D:11)
  A centaur warrior (D:9)
  2 two-headed ogres
  Urug (D:13)
  An ugly thing (D:9)
  3 kobold demonologists (D:11)
  2 komodo dragons
  3 trolls
  A hornet (D:9)
  17 yaks
  Sigmund (D:2)
  A wyvern (D:10)
  A vampire mosquito (D:9)
  4 water moccasins
  5 orc warriors
  A swamp drake (D:9)
  An ice beast (D:8)
  2 sky beasts
  4 ogres
  A hornet zombie (D:7)
  A necrophage (D:4)
  2 phantoms (D:6)
  8 centaurs
  A kobold brigand (D:9)
  6 bullfrogs
  5 scorpions
  A gnoll sergeant (D:8)
  5 howler monkeys
  4 wights
  An electric eel (D:9)
  2 centaur zombies
  A bullfrog zombie (D:6)
  A jelly (D:5)
  5 orc priests (D:9)
  4 hounds
  A bullfrog skeleton (D:6)
  2 iguanas
  5 orc wizards
  A killer bee zombie (D:8)
  A hound skeleton (D:4)
  A howler monkey zombie (D:9)
  9 gnolls
  5 adders
  A shadow imp (D:7)
  A white imp (D:8)
  3 ufetubi
  A worm (D:2)
  A dart slug (D:4)
  36 orcs
  7 endoplasms
  6 giant cockroaches
  9 goblins
  3 hobgoblins
  21 jackals
  3 quokkas
  11 ball pythons
  5 bats
  4 frilled lizards (Sewer)
  13 kobolds
  4 rats
255 creatures vanquished.

Vanquished Creatures (others)
  19 plants
19 creatures vanquished.

Grand Total: 274 creatures vanquished

Notes
Turn   | Place    | Note
-------+----------+-------------------------------------------
     0 | D:1      | Johnny the Deep Elf Earth Elementalist began the quest for
                  | the Orb.
     0 | D:1      | Reached XP level 1. HP: 10/10 MP: 6/6
   268 | D:1      | Found a faded altar of an unknown god.
   566 | D:1      | Reached XP level 2. HP: 13/16 MP: 4/8
   568 | D:1      | Reached skill level 1 in Fighting
  1181 | D:2      | Noticed Sigmund
  1187 | D:2      | Killed Sigmund
  1188 | D:2      | Reached skill level 4 in Spellcasting
  1188 | D:2      | Reached XP level 3. HP: 5/22 MP: 4/10
  1188 | D:2      | Reached XP level 4. HP: 6/27 MP: 4/12
  1188 | D:2      | Reached XP level 5. HP: 8/32 MP: 4/13
  2412 | D:3      | Found a glowing drain.
  2436 | Sewer    | Entered a sewer
  4513 | D:4      | Found Ifuxkouse's Weapon Emporium.
  4517 | D:4      | Bought 23 stones for 32 gold pieces
  4554 | D:4      | Reached XP level 6. HP: 32/37 MP: 12/15
  4560 | D:4      | Reached skill level 5 in Spellcasting
  4621 | D:4      | Learned a level 3 spell: Stone Arrow
  4901 | D:4      | Found a runed translucent gate.
  4902 | D:4      | Found a runed translucent gate.
  4902 | D:4      | Found a runed translucent gate.
  4904 | D:4      | Noticed DeathSun's ghost (amateur GrFi)
  4920 | D:4      | Reached skill level 5 in Earth Magic
  5089 | D:4      | Reached XP level 7. HP: 36/43 MP: 17/17
  5435 | D:5      | Entered Level 5 of the Dungeon
  5626 | D:5      | Reached skill level 6 in Spellcasting
  5890 | D:5      | Reached skill level 5 in Fighting
  6032 | D:5      | Reached XP level 8. HP: 49/49 MP: 9/20
  6287 | D:5      | Identified the +1 pair of gloves "Faomuh" {Fly rC- Int+3}
  6457 | D:5      | Reached skill level 7 in Spellcasting
  6588 | D:6      | Found a staircase to the Ecumenical Temple.
  6970 | Temple   | Entered the Ecumenical Temple
  7087 | Temple   | Became a worshipper of Dithmenos the Shadowed
  7226 | D:6      | Noticed a troll
  7230 | D:6      | Killed a troll
  7246 | D:6      | Reached skill level 8 in Spellcasting
  7510 | D:6      | Reached XP level 9. HP: 34/56 MP: 16/23
  7653 | D:6      | Identified the +0 chain mail "Iwent" {rN+}
  8401 | D:6      | Learned a level 5 spell: Lee's Rapid Deconstruction
  8406 | D:6      | Learned a level 4 spell: Petrify
  8582 | D:7      | Noticed a two-headed ogre
  8584 | D:7      | Killed a two-headed ogre
  8585 | D:7      | Reached skill level 1 in Shields
  8585 | D:7      | Reached skill level 9 in Spellcasting
  8785 | D:7      | Reached * piety under Dithmenos
  9513 | D:8      | Identified the +4 flail of Amoah {pain, *Noise rN+ Int+4}
  9568 | D:8      | Found a broken altar of Ashenzari.
 10185 | D:9      | Reached XP level 10. HP: 58/64 MP: 14/25
 10393 | D:9      | Found a staircase to the Orcish Mines.
 10411 | D:9      | Reached skill level 10 in Spellcasting
 10601 | D:9      | Reached ** piety under Dithmenos
 10971 | D:9      | Noticed a white ugly thing
 10985 | D:9      | Killed a white ugly thing
 11202 | D:9      | Found an ancient bone altar of Kikubaaqudgha.
 11203 | D:9      | Noticed a centaur warrior
 11210 | D:9      | Killed a centaur warrior
 11640 | D:9      | Reached XP level 11. HP: 72/72 MP: 16/27
 12021 | D:10     | Entered Level 10 of the Dungeon
 12036 | D:10     | Reached skill level 11 in Spellcasting
 12220 | D:10     | Found a staircase to the Lair.
 12452 | D:10     | Noticed a two-headed ogre
 12454 | D:10     | Killed a two-headed ogre
 12521 | D:10     | Reached skill level 10 in Fighting
 13080 | D:11     | Noticed a boulder beetle
 13294 | D:11     | Reached skill level 10 in Earth Magic
 13475 | D:11     | Killed a boulder beetle
 13486 | D:11     | Noticed a seven-headed hydra
 13494 | D:11     | Reached skill level 5 in Shields
 13620 | D:11     | Found a portal to a secret trove of treasure.
 13632 | D:11     | Killed a seven-headed hydra
 14325 | D:12     | Found Poosu's Armour Shoppe.
 14379 | D:12     | Reached *** piety under Dithmenos
 14476 | D:12     | Noticed a fire giant
 14497 | D:13     | Noticed a deep elf pyromancer
 14628 | D:13     | Noticed Urug
 14637 | D:13     | Noticed a deep elf pyromancer
 14638 | D:13     | Noticed a four-headed hydra
 14641 | D:13     | Killed Urug
 14647 | D:13     | Reached skill level 12 in Spellcasting
 14647 | D:13     | Mangled by a four-headed hydra

Illustrated notes

Levels and vault maps discovered:
D:1:      dpeg_arrival_pits, layout_rooms, ebering_ecumenical_altar_box,
          minmay_tree_intersection
D:2:      minmay_door_path, layout_basic, uniq_sigmund
D:3:      layout_loops_ring, cheibrodos_sewer_entry_drain
D:4:      layout_loops_cross, serial_shops, nicolae_shop_stone,
          gammafunk_ghost_necromancy
D:5:      layout_rooms
D:6:      layout_loops_ring, temple_pool_b, minmay_alternating_orb
D:7:      layout_basic, minmay_misc_feat_five
D:8:      layout_basic, evilmike_ruin_ashenzari, grunt_ministairs_14
D:9:      layout_roguey, erik_orc_1, serial_bayou_ford_a, minmay_ruined_shrine
D:10:     layout_roguey, david_lair_shrubbed
D:11:     layout_basic, nicolae_trove_entry_isolated
D:12:     lemuel_traditional_vault, layout_loops_ring, gauntlet_entry_generic,
          serial_shops, shop, nicolae_shop_stone
D:13:     layout_loops_ring, uniq_urug, uniq_jorgrun
Temple:   roderic_octagonal_lattice_temple

Skill      XL: |  1  2  3  4  5  6  7  8  9 10 11 |
---------------+----------------------------------+-----
Fighting       | 2 3 4 5 6 8 9 10 | 10.7
Spellcasting   | 4 5 6 8 9 10 12 | 12.0
Earth Magic    | 4 5 6 7 8 9 10 | 10.5
Shields        | 2 4 5 |  5.4
Dodging        | |  2.4
Stealth        | |  2.4
Transmutations | |  1.1

Action                   |  1- 3 |  4- 6 |  7- 9 | 10-12 || total
-------------------------+-------+-------+-------+-------++-------
Melee: Unarmed           |    11 |       |       |       ||    11
       Dagger            |       |   148 |     3 |       ||   151
       Staff             |       |       |    28 |    10 ||    38
 Cast: Sandblast         |    26 |    43 |    52 |    34 ||   155
       Stone Arrow       |       |     2 |    78 |    49 ||   129
       Lee's Rapid Decon |       |       |     2 |    44 ||    46
       Petrify           |       |       |       |     8 ||     8
Evoke: Wand              |       |       |     4 |    13 ||    17
  Use: Scroll            |       |       |     8 |     8 ||    16
       Potion            |       |       |       |     1 ||     1
 Stab: Sleeping          |       |     8 |     3 |       ||    11
       Distracted        |       |     1 |       |       ||     1
Armor: Robe              |     3 |    22 |    21 |     9 ||    55
Dodge: Dodged            |    12 |    98 |    42 |    61 ||   213
Block: Buckler           |       |       |     7 |    18 ||    25

Table legend: (Time is in decaauts)
 A = Elapsed time spent in this place.
 B = Non-inter-level travel time spent in this place.
 C = Inter-level travel time spent in this place.
 D = Time resting spent in this place.
 E = Time spent auto-exploring this place.
 F = Levels seen in this place.
 G = Mean time per level.
                   A        B        C        D        E       F      G
               +--------+--------+--------+--------+--------+-----+--------+
         Total |  14803 |  14452 |    351 |   2449 |  10244 |  15 |  986.9 |
       Dungeon |  13635 |  13314 |    321 |   2449 |   9272 |  13 | 1048.8 |
        Temple |    133 |    103 |     30 |      0 |    101 |   1 |  133.0 |
         Sewer |   1034 |   1034 |      0 |      0 |    870 |   1 | 1034.0 |
               +--------+--------+--------+--------+--------+-----+--------+

Top non-repeatable levels by time:
     D:9: 1730 daAuts
     D:6: 1559 daAuts
    D:11: 1471 daAuts
     D:2: 1314 daAuts
     D:5: 1307 daAuts
     D:3: 1129 daAuts
     D:8: 1128 daAuts
     D:1: 1088 daAuts
   Sewer: 1034 daAuts
     D:4: 993 daAuts
    D:10: 831 daAuts
     D:7: 751 daAuts
    D:12: 163 daAuts
    D:13: 163 daAuts
  Temple: 133 daAuts
